 Dungeon Crawl Stone Soup version 0.30.0-10-gfe55d96785 (webtiles) character file.

Game seed: 7795293314172371950

49 Strat the Shield-Bearer (level 3, -2/33 HPs)
             Began as a Minotaur Fighter on May 16, 2023.
             Slain by a cerulean imp
             ... wielding a +2 spear
             ... summoned by Natasha
              (3 damage)
             ... on level 2 of the Dungeon.
             The game lasted 00:02:36 (623 turns).

Strat the Shield-Bearer (Minotaur Fighter)           Turns: 623, Time: 00:02:36

Health: -2/33      AC:  7    Str: 22    XL:     3   Next: 51%
Magic:  2/2        EV:  9    Int:  5    God:
Gold:   42         SH:  5    Dex: 15    Spells: 2/2 levels left

rFire   . . .        a - +0 war axe
rCold   . . .        c - +0 buckler
rNeg    . . .        b - +0 scale mail
rPois   .            (helmet restricted)
rElec   .            (no cloak)
rCorr   .            (no gloves)
SInv    .            (no boots)
Will    .....        (no amulet) Stlth
                     h - +6 ring of dexterity
HPRegen 0.25/turn    (no ring)
MPRegen 0.08/turn

%: no passive effects
@: mighty
A: horns 2, retaliatory headbutt
a: no special abilities


You were on level 2 of the Dungeon.
You visited 1 branch of the dungeon, and saw 2 of its levels.

You collected 42 gold pieces.

Inventory:

Hand Weapons
 a - a +0 war axe (weapon)
Armour
 b - a +0 scale mail (worn)
 c - a +0 buckler (worn)
Jewellery
 h - a +6 ring of dexterity (left hand)
Scrolls
 e - a scroll of magic mapping {unknown}
 g - a scroll of poison {unknown}
 i - 2 scrolls of identify {unknown}
 k - a scroll of noise {unknown}
Potions
 f - a potion of degeneration {unknown}
 j - a potion of attraction {unknown}
 l - a potion of cancellation {unknown}
 m - a potion of curing {unknown}


   Skills:
 + Level 4.0 Fighting
 * Level 3.5 Axes
 + Level 4.1 Armour
 + Level 4.1 Shields


You had 2 spell levels left.
You didn't know any spells.
Your spell library contained the following spells:

 Spells                   Type           Power      Damage    Failure   Level
 Apportation              Tloc           0%         N/A       86%         1
 Alistair's Intoxication  Tmut/Pois      0%         N/A       100%        5


Dungeon Overview and Level Annotations

Branches:
Dungeon (2/15)

Altars:

Annotations:
D:2 Natasha


Innate Abilities, Weirdness & Mutations

You have a pair of horns on your head.
You reflexively headbutt those who attack you in melee.


Message History

Natasha hisses angrily.
The hobgoblin hits you.
You barely miss the hobgoblin. Your headbutt misses the hobgoblin.
You block the hobgoblin's attack. The hobgoblin hits you.
You slash the hobgoblin!
You kill the hobgoblin!
Natasha wildly gestures.
You feel disoriented.
Natasha mumbles some strange words.
You closely miss the cerulean imp.
Natasha casts a spell.
The cerulean imp hits you with a +2 spear.
You hit the cerulean imp. You headbutt the cerulean imp.
The cerulean imp is moderately wounded.
The cerulean imp hits you with a +2 spear.
* * * LOW HITPOINT WARNING * * *
The cerulean imp hits you from afar with a +1 spear.
* * * LOW HITPOINT WARNING * * *
Natasha claws you.
* * * LOW HITPOINT WARNING * * *
You hit Natasha.
Natasha is moderately wounded.
You slash the cerulean imp! The cerulean imp barely misses you.
The cerulean imp hits you but does no damage.
Natasha claws you.
* * * LOW HITPOINT WARNING * * *
The cerulean imp hits you but does no damage.
You closely miss Natasha.
Natasha is moderately wounded.
You miss the cerulean imp.
The cerulean imp hits you from afar with a +1 spear.
* * * LOW HITPOINT WARNING * * *
Natasha claws you but does no damage.
The cerulean imp hits you but does no damage.
The cerulean imp barely misses you.
You feel very mighty all of a sudden. Natasha claws you.
* * * LOW HITPOINT WARNING * * *
The cerulean imp hits you with a +2 spear.
You die...

########## #........#
......h#.# ###.5@.##
.)...5#...####
#.###........###########
##.#...............†
.............#.......
##....##.#...#####.#.
#.............. #.#.
#...###.####### #.#.
#.#. #.## #.#.


You could see Natasha and 2 cerulean imps.

Vanquished Creatures
  Natasha (D:2)
  2 ball pythons (D:1)
  4 endoplasms
  A giant cockroach (D:1)
  2 goblins (D:1)
  4 hobgoblins
  A bat (D:1)
  A frilled lizard (D:2)
  3 kobolds
  3 rats (D:1)
22 creatures vanquished.

Notes
Turn   | Place    | Note
-------+----------+-------------------------------------------
     0 | D:1      | Strat the Minotaur Fighter began the quest for the Orb.
     0 | D:1      | Reached XP level 1. HP: 19/19 MP: 0/0
   150 | D:1      | Reached XP level 2. HP: 27/27 MP: 1/1
   426 | D:2      | Noticed Natasha
   433 | D:2      | Killed Natasha
   434 | D:2      | Reached XP level 3. HP: 31/33 MP: 2/2
   615 | D:2      | Noticed Natasha
   623 | D:2      | HP: 1/33 [Natasha (2)]
   623 | D:2      | Slain by a cerulean imp

Illustrated notes

Levels and vault maps discovered:
D:1:      amcnicky_arrival_wind_blow, layout_basic
D:2:      layout_loops_ring, dreamdust_princess_corridor,
          uniq_crazy_yiuf_cottage, uniq_natasha

Skill      XL: |  1  2 |
---------------+-------+-----
Axes           | 3 |  3.5
Fighting       | 4 |  4.0
Armour         | 4 |  4.1
Shields        | 4 |  4.1

Action                     || total
---------------------------++-------
  Melee: War axe           ||    41
         Headbutt          ||     4
    Use: Potion            ||     1
 Armour: Scale mail        ||    15
  Dodge: Dodged            ||    13
  Block: Buckler           ||    11
